 Dungeon Crawl Stone Soup version 0.19.1 (webtiles) character file.

123 dohliylev the Chopper (level 5, -5/46 HPs)
             Began as a Hill Orc Fighter on Nov 29, 2016.
             Slain by Duvessa
             ... wielding a +0 short sword
              (6 damage)
             ... on level 4 of the Dungeon.
             The game lasted 00:06:31 (1347 turns).

dohliylev the Chopper (Hill Orc Fighter)            Turns: 1347, Time: 00:06:32

Health: -5/46      AC: 11    Str: 20    XL:     5   Next: 7%
Magic:  5/5        EV:  3    Int:  8    God:
Gold:   95         SH:  9    Dex: 10    Spells: 0 memorised, 4 levels left

rFire  . . .     SeeInvis +     a - +0 war axe
rCold  . . .     Gourm    .     e - +0 plate armour
rNeg   . . .     Faith    .     c - +0 shield
rPois  .         Spirit   .     (no helmet)
rElec  .         Reflect  .     (no cloak)
rCorr  .         Harm     .     (no gloves)
MR     .....                    (no boots)
Stlth  ..........               (no amulet)
                                (no ring)
                                o - ring of see invisible

@: no status effects
A: no striking features
a: no special abilities


You were on level 4 of the Dungeon.
You were near starving.

You visited 1 branch of the dungeon, and saw 4 of its levels.

You collected 95 gold pieces.

Inventory:

Hand Weapons
 a - a +0 war axe (weapon)
 k - a +0 vampiric short sword
Armour
 c - a +0 shield (worn)
 e - a +0 plate armour (worn)
Jewellery
 o - a ring of see invisible (left hand)
Wands
 u - a wand of iceblast (4/15)
 w - a wand of confusion (12/48)
Scrolls
 l - a scroll of fog {unknown}
 p - 3 scrolls of teleportation {unknown}
 q - 2 scrolls of remove curse {unknown}
 v - a scroll of amnesia {unknown}
Potions
 d - a potion of might
 h - 3 potions of lignification {unknown}
 i - a potion of brilliance {unknown}
 j - 2 potions of beneficial mutation {unknown}
 m - a potion of heal wounds {unknown}
 n - a potion of cancellation {unknown}
 r - a potion of magic {unknown}
 x - a potion of resistance {unknown}
Comestibles
 b - 3 fruits
 f - a bread ration
 g - 2 meat rations
 s - a royal jelly
 t - a beef jerky
 z - a slice of pizza


   Skills:
 + Level 4.0 Fighting
 + Level 4.8 Axes
 + Level 3.7 Armour
 + Level 0.1 Dodging
 + Level 4.4 Shields


You had 4 spell levels left.
You didn't know any spells.

Dungeon Overview and Level Annotations

Branches:
Dungeon (4/15)
 Temple: D:4-7

Altars:

Annotations:
D:4 Dowan, Duvessa


Message History

You closely miss Duvessa.
Duvessa is heavily wounded.
You hit the ogre but do no damage. Duvessa hits you but does no damage.
You block the ogre's attack.
Your plate armour prevents you from hitting Duvessa.
Duvessa is heavily wounded.
You hit the ogre. You hit Dowan. You block Dowan's attack.
Duvessa hits you with a short sword.
* * * LOW HITPOINT WARNING * * *
The ogre hits you with a giant club.
* * * LOW HITPOINT WARNING * * *
Duvessa hits you with a short sword.
* * * LOW HITPOINT WARNING * * *
Dowan hits you but does no damage.
You closely miss Duvessa.
Duvessa is heavily wounded.
You miss Dowan.
Your plate armour prevents you from hitting the ogre.
Duvessa hits you with a short sword.
You die...

### #.######
#######......# ..
#.....#......###### #..
#...........##.....
#...##..................
.......e............))[.
......e@O...........)...
........................
###+##..##.##...###....#
#..##+##...# ######
..... .....# . ......
..?..'. . ........ .#. .
......... . ....... .


You could see Duvessa, an ogre and Dowan.

Vanquished Creatures
  An orc priest (D:4)
  A worm (D:3)
  A dart slug (D:1)
  3 leopard geckos
  17 orcs
  2 giant cockroaches
  6 goblins
  6 hobgoblins
  3 jackals (D:2)
  2 quokkas
  9 bats
  2 frilled lizards
  6 kobolds (D:1)
  A leopard gecko zombie (D:3)
  5 rats
65 creatures vanquished.

Notes
Turn   | Place    | Note
-------+----------+-------------------------------------------
     0 | D:1      | dohliylev the Hill Orc Fighter began the quest for the Orb.
     0 | D:1      | Reached XP level 1. HP: 19/19 MP: 1/1
   111 | D:1      | Reached XP level 2. HP: 27/27 MP: 2/2
   546 | D:1      | Reached XP level 3. HP: 33/33 MP: 3/3
   960 | D:3      | Reached XP level 4. HP: 33/40 MP: 4/4
  1323 | D:4      | Reached XP level 5. HP: 28/46 MP: 5/5
  1336 | D:4      | Noticed an ogre
  1339 | D:4      | Noticed Dowan
  1339 | D:4      | Noticed Duvessa
  1346 | D:4      | HP: 1/46 [Duvessa/short sword (3)]
  1347 | D:4      | Slain by Duvessa

Skill      XL: |  1  2  3  4 |
---------------+-------------+-----
Axes           | 3 4 |  4.8
Shields        | 4 |  4.4
Fighting       | 4 |  4.0
Armour         | |  3.7
Dodging        | |  0.1

Action                   |  1- 3 |  4- 6 || total
-------------------------+-------+-------++-------
Melee: War axe           |   138 |    72 ||   210
Armor: Scale mail        |    28 |       ||    28
       Plate armour      |   104 |    57 ||   161
Dodge: Dodged            |    27 |    12 ||    39
Block: Shield            |   116 |    39 ||   155
